 Dungeon Crawl Stone Soup version 0.29-a0-821-g66395355a5 (webtiles) character file.

Game seed: 2308287578683722228

35 avis the Chiller (level 3, -1/29 HPs)
             Began as a Demigod Ice Elementalist on July 7, 2022.
             Slain by a phantom (7 damage)
             ... on level 2 of the Dungeon.
             The game lasted 00:06:03 (1467 turns).

avis the Chiller (Demigod Ice Elementalist)         Turns: 1467, Time: 00:06:03

Health: -1/29      AC:  2    Str:  9    XL:     3   Next: 2%
Magic:  8/8        EV: 12    Int: 17    God:
Gold:   58         SH:  0    Dex: 18    Spells: 2/6 levels left

rFire   + . .      SeeInvis .   a - +1 dagger (pain)
rCold   . . .      Faith    .   (no shield)
rNeg    . . .      Spirit   .   l - +0 robe
rPois   .          Reflect  .   (no helmet)
rElec   .          Harm     .   (no cloak)
rCorr   .          Rampage  .   (no gloves)
Will    .....                   (no boots)
Stlth   ++........              (no amulet)
HPRegen 0.09/turn               c - ring of protection from fire
MPRegen 0.11/turn               (no ring)

@: no status effects
A: high MP 1, forlorn, divine attributes
a: no special abilities


You were on level 2 of the Dungeon.
You visited 1 branch of the dungeon, and saw 2 of its levels.

You collected 58 gold pieces.

Inventory:

Hand Weapons
 a - a +1 dagger of pain (weapon)
 e - a +0 dagger
Missiles
 n - 6 poisoned darts
Armour
 l - a +0 robe (worn)
Jewellery
 c - a ring of protection from fire (left hand)
Scrolls
 f - 2 scrolls of identify {unknown}
 j - a scroll of teleportation {unknown}
 k - a scroll of blinking {unknown}
Potions
 b - a potion of magic
 d - 2 potions of degeneration {unknown}
 g - 2 potions of lignification {unknown}
 h - a potion of haste {unknown}
 i - 2 potions of brilliance {unknown}
 m - a potion of attraction {unknown}


   Skills:
 - Level 2.0 Fighting
 - Level 1.7 Dodging
 - Level 1.7 Stealth
 - Level 2.0 Spellcasting
 * Level 3.9 Ice Magic


You had 2 spell levels left.
You knew the following spells:

 Your Spells              Type           Power      Damage    Failure   Level
a - Freeze                Ice            60%        1d8       3%          1
o - Ozocubu's Armour      Ice            15%        N/A       12%         3

Your spell library contained the following spells:

 Spells                   Type           Power      Damage    Failure   Level
 Necrotise                Necr           4%         1d4       19%         1
 Frozen Ramparts          Ice            30%        1d5       12%         3
 Vampiric Draining        Necr           1%         2d6       50%         3
 Hailstorm                Conj/Ice       8%         3d4       65%         4
 Agony                    Necr           1%         N/A       99%         5


Dungeon Overview and Level Annotations

Branches:
Dungeon (2/15)


Innate Abilities, Weirdness & Mutations

You have an increased reservoir of magic. (+10% MP)
You shall have no god before yourself.
Your divine heritage dramatically boosts your attributes as you level up.


Message History

Adjust which spell? b - Ozocubu's Armour Adjust to which letter? o - Ozocubu's Armour
There is a stone staircase leading down here.
Found 6 poisoned darts.
Found 13 gold pieces.
You see here 6 poisoned darts.
n - 6 poisoned darts A phantom comes into view.
You hit the phantom.
The phantom is lightly damaged.
The phantom closely misses you.
You hit the phantom but do no damage. Your punch misses the phantom.
The phantom is lightly damaged.
The phantom misses you.
You miss the phantom.
The phantom is lightly damaged.
The phantom hits you.
You hit the phantom.
The phantom is lightly damaged.
The phantom hits you.
You hit the phantom but do no damage.
The phantom is lightly damaged.
The phantom hits you.
The phantom blinks!
You blink.
You miss the phantom.
The phantom is lightly damaged.
The phantom hits you.
The phantom blinks!
You blink.
You barely miss the phantom.
The phantom is lightly damaged.
The phantom misses you.
Unknown command.
You hit the phantom.
The phantom is lightly damaged.
The phantom hits you.
* * * LOW HITPOINT WARNING * * *
You hit the phantom but do no damage.
The phantom is lightly damaged.
The phantom hits you!
You die...

#...# #...# .# #...# .#
# #...##.#.# #
#......#.#.# #..........
#+####..#.#...#
......W...#.###
##########..###.@......#
#...........# #..#.#.#.#
#...........###..#.#.#
#............##..#.# #
#..........#.##..#.#
#..........#.##..#.#
.................#.#
...........#..##.#.#
....##.............#


You could see a phantom.

Vanquished Creatures
  An adder (D:2)
  A dart slug (D:1)
  2 ball pythons
  4 bats (D:1)
  An endoplasm (D:1)
  3 goblins (D:1)
  A hobgoblin (D:1)
  A kobold (D:1)
  3 quokkas (D:1)
  3 frilled lizards (D:1)
  2 rats (D:1)
22 creatures vanquished.

Notes
Turn   | Place    | Note
-------+----------+-------------------------------------------
     0 | D:1      | avis the Demigod Ice Elementalist began the quest for the
                  | Orb.
     0 | D:1      | Reached XP level 1. HP: 14/14 MP: 5/5
   218 | D:1      | Reached skill level 1 in Fighting
   459 | D:1      | Reached XP level 2. HP: 19/23 MP: 4/7
  1361 | D:2      | Reached XP level 3. HP: 29/29 MP: 3/8
  1407 | D:2      | Learned a level 3 spell: Ozocubu's Armour
  1455 | D:2      | Noticed a phantom
  1467 | D:2      | Slain by a phantom

Illustrated notes

Levels and vault maps discovered:
D:1:      dpeg_arrival_simpleton_b, layout_basic
D:2:      layout_basic, basic_ecumenical_altar, uniq_natasha, uniq_jessica

Skill      XL: |  1  2 |
---------------+-------+-----
Fighting       | 1 2 |  2.0
Spellcasting   | 2 |  2.0
Dodging        | |  1.7
Stealth        | |  1.7
Ice Magic      | |  3.9

Action                   || total
-------------------------++-------
Melee: Dagger            ||    13
 Cast: Freeze            ||    32
 Stab: Sleeping          ||     2
       Distracted        ||     1
Armor: Robe              ||     5
Dodge: Dodged            ||    16

Table legend: (Time is in decaauts)
 A = Elapsed time spent in this place.
 B = Non-inter-level travel time spent in this place.
 C = Inter-level travel time spent in this place.
 D = Time resting spent in this place.
 E = Time spent auto-exploring this place.
 F = Levels seen in this place.
 G = Mean time per level.
                   A        B        C        D        E       F      G
               +--------+--------+--------+--------+--------+-----+--------+
         Total |   1466 |   1330 |    136 |    408 |    626 |   2 |  733.0 |
       Dungeon |   1466 |   1330 |    136 |    408 |    626 |   2 |  733.0 |
               +--------+--------+--------+--------+--------+-----+--------+

Top non-repeatable levels by time:
     D:1: 1284 daAuts
     D:2: 182 daAuts
